 Dungeon Crawl Stone Soup version 0.29.1-12-g30fa7ad0bf (webtiles) character file.

Game seed: 6847811138365228877

411 Radix the Digger (level 6, -10/32 HPs)
             Began as a Gargoyle Earth Elementalist on Dec 20, 2022.
             Mangled by Duvessa
             ... wielding a +3 rapier of venom
              (16 damage)
             ... on level 4 of the Dungeon.
             The game lasted 00:27:57 (3761 turns).

Radix the Digger (Gargoyle Earth Elementalist)      Turns: 3761, Time: 00:27:58

Health: -10/32     AC:  8    Str: 11    XL:     6   Next: 90%
Magic:  10/21      EV: 11    Int: 18    God:
Gold:   138        SH:  9    Dex: 10    Spells: 7/13 levels left

rFire   + . .      SeeInvis +   h - +1 whip (vamp)
rCold   + . .      Faith    .   o - +0 buckler
rNeg    + . .      Spirit   .   a - +0 robe
rPois   ∞          Reflect  +   (no helmet)
rElec   +          Harm     .   i - +0 cloak
rCorr   +          Rampage  .   (no gloves)
Will    .....                   j - +0 pair of boots
Stlth   ++........              c - amulet of reflection
HPRegen 0.10/turn               p - ring of see invisible
MPRegen 0.17/turn               e - ring of magical power

@: mighty, resistant, very slightly contaminated
A: sickness immunity, AC +4, negative energy resistance 1, electricity
resistance, torment resistance 1, petrification resistance
a: no special abilities


You were on level 4 of the Dungeon.
You visited 1 branch of the dungeon, and saw 4 of its levels.

You collected 204 gold pieces.
You spent 66 gold pieces at shops.

Inventory:

Hand Weapons
 d - a +0 sling
 f - a +0 dagger
 h - a +1 vampiric whip (weapon)
 q - a +0 spear
 r - a +0 whip
Armour
 a - a +0 robe (worn)
 i - a +0 cloak (worn)
 j - a +0 pair of boots (worn)
 k - a scarf of shadows
 o - a +0 buckler (worn)
Magical Staves
 t - a staff of conjuration
Jewellery
 c - an amulet of reflection (around neck)
 e - a ring of magical power (right hand)
 m - a ring of poison resistance
 p - a ring of see invisible (left hand)
 z - a ring of flight
Wands
 C - a wand of roots (13)
Scrolls
 g - 3 scrolls of fog
 s - a scroll of amnesia {unknown}
 u - 2 scrolls of teleportation
 x - a scroll of immolation
 y - a scroll of enchant weapon {unknown}
 A - a scroll of fear {unknown}
Potions
 b - a potion of magic
 l - 3 potions of berserk rage
 B - a potion of attraction {unknown}


   Skills:
 - Level 1.5 Dodging
 - Level 2.1 Stealth
 + Level 2.7 Shields
 + Level 4.0 Spellcasting
 + Level 3.0 Conjurations
 - Level 0.7 Transmutations
 + Level 5.9 Earth Magic


You had 7 spell levels left.
You knew the following spells:

 Your Spells              Type           Power      Damage    Failure   Level
a - Sandblast             Erth           48%        2d12      1%          1
b - Stone Arrow           Conj/Erth      38%        3d9       10%         3
c - Passwall              Tmut/Erth      12%        N/A       8%          2

Your spell library contained the following spells:

 Spells                   Type           Power      Damage    Failure   Level
 Petrify                  Tmut/Erth      15%        N/A       45%         4


Dungeon Overview and Level Annotations

Branches:
Dungeon (4/15)
 Temple: D:4-7

Altars:
Dithmenos
Kikubaaqudgha
Makhleb

Shops:
D:2 [**=[   D:3 *(?

Annotations:
D:4 3 runed translucent doors, Duvessa; styxcanada's ghost, amateur MiFi


Innate Abilities, Weirdness & Mutations

You are immune to sickness and miasma.
Your stone body is resilient. (AC +4)
You are immune to poison.
You resist negative energy. (rN+)
You are resistant to electric shocks. (rElec)
You are resistant to unholy torment.
You are immune to petrification.


Message History

The spell is quite dangerous to miscast (10% risk of failure)!
Continue anyway?
Aiming: Stone Arrow (quite dangerous; 10% risk of failure)
Press: ? - help, Shift-Dir - straight line, f/p - Duvessa
Aim: Duvessa, wielding a +3 rapier of venom and wearing a +0 leather armour (lightly wounded, berserk, 72% to hit)
You miscast Stone Arrow.
You are very lightly contaminated with residual magic.
You feel a surge of energy from the ground.
Duvessa hits you with a +3 rapier of venom!
You block Duvessa's attack.
Casting: Stone Arrow (quite dangerous; 10% risk of failure)
Confirm with . or Enter, or press ? or * to list all spells.
The spell is quite dangerous to miscast (10% risk of failure)!
Continue anyway?
Aiming: Stone Arrow (quite dangerous; 10% risk of failure)
Press: ? - help, Shift-Dir - straight line, f/p - Duvessa
Aim: Duvessa, wielding a +3 rapier of venom and wearing a +0 leather armour (lightly wounded, berserk, 72% to hit)
The stone arrow hits Duvessa!!
Duvessa is heavily wounded.
You block Duvessa's attack.
Casting: Stone Arrow (quite dangerous; 10% risk of failure)
Confirm with . or Enter, or press ? or * to list all spells.
The spell is quite dangerous to miscast (10% risk of failure)!
Continue anyway?
Aiming: Stone Arrow (quite dangerous; 10% risk of failure)
Press: ? - help, Shift-Dir - straight line, f/p - Duvessa
Aim: Duvessa, wielding a +3 rapier of venom and wearing a +0 leather armour (heavily wounded, berserk, 72% to hit)
The stone arrow hits Duvessa!
Duvessa is severely wounded.
Duvessa hits you with a +3 rapier of venom!
Duvessa hits you with a +3 rapier of venom.
* * * LOW HITPOINT WARNING * * *
It was a potion of might.
You feel very mighty all of a sudden. You block Duvessa's attack.
Okay, then.
Okay, then.
It was a potion of resistance.
You feel protected. Duvessa misses you.
Duvessa hits you with a +3 rapier of venom!
Ouch! That really hurt!
You die...

#(##.....# #.......# #.##.....#
####### #.......# #.##.....#
#.....###.......# #.##.....#
#................ #.##.....#
#.....###......e.
#.##.....###........<.......
#.##..............##.....##.
#.##..............##.....##.
####.######...@e.....##.....##.
#....# #.............#.####>
##.### #..........####.# #. #.#
#..........)....# #.
#.########..........#########.
#.............................
##########...............#####
###########.###.##### #.#
#......


You could see Duvessa (berserk).

Vanquished Creatures
  A necrophage (D:4)
  A scorpion (D:4)
  Dowan (D:4)
  A hound (D:4)
  A jelly (D:4)
  A gnoll bouda (D:4)
  An iguana (D:3)
  4 adders
  3 dart slugs
  3 orcs
  11 ball pythons
  9 endoplasms
  5 giant cockroaches
  6 goblins
  6 hobgoblins
  6 jackals
  5 quokkas
  3 bats
  2 frilled lizards
  6 kobolds
  4 rats
80 creatures vanquished.

Vanquished Creatures (others)
  2 withered plants (D:3)
2 creatures vanquished.

Grand Total: 82 creatures vanquished

Notes
Turn   | Place    | Note
-------+----------+-------------------------------------------
     0 | D:1      | Radix the Gargoyle Earth Elementalist began the quest for
                  | the Orb.
     0 | D:1      | Reached XP level 1. HP: 10/10 MP: 3/3
   271 | D:1      | Found a faded altar of an unknown god.
   462 | D:1      | Reached skill level 4 in Earth Magic
   462 | D:1      | Reached XP level 2. HP: 15/15 MP: 3/5
   906 | D:2      | Found Ylaoquc's Antique Armour Shop.
   982 | D:2      | Found Rigiocaf's General Store.
  1126 | D:2      | Reached XP level 3. HP: 19/19 MP: 4/6
  1146 | D:2      | Found Asaopsu's Armour Emporium.
  1345 | D:2      | Found Vaussuk's General Store.
  1352 | D:2      | Bought a scroll of identify for 24 gold pieces
  1745 | D:2      | Learned a level 3 spell: Stone Arrow
  1842 | D:2      | Found Suatamor's Jewellery Boutique.
  1863 | D:2      | Learned a level 2 spell: Passwall
  2033 | D:3      | Found Ochemup's Assorted Antiques.
  2041 | D:3      | Found a burning altar of Makhleb.
  2086 | D:3      | Reached XP level 4. HP: 24/24 MP: 8/8
  2145 | D:3      | Found Ryanoul's Antique Weapon Emporium.
  2167 | D:3      | Reached skill level 1 in Conjurations
  2184 | D:3      | Found Libo's Magic Scroll Shoppe.
  2187 | D:3      | Bought a scroll of teleportation for 42 gold pieces
  2464 | D:3      | Found an ancient bone altar of Kikubaaqudgha.
  2694 | D:3      | Reached skill level 1 in Shields
  2694 | D:3      | Reached skill level 5 in Earth Magic
  2694 | D:3      | Reached XP level 5. HP: 19/28 MP: 4/9
  2956 | D:4      | Found a runed translucent gate.
  2957 | D:4      | Found a runed translucent gate.
  2958 | D:4      | Found a runed translucent gate.
  3063 | D:4      | Found a shadowy altar of Dithmenos.
  3211 | D:4      | Noticed Duvessa
  3211 | D:4      | Noticed Dowan
  3325 | D:4      | Noticed styxcanada's ghost (amateur MiFi)
  3333 | D:4      | Killed Dowan
  3334 | D:4      | Reached XP level 6. HP: 27/32 MP: 11/11
  3761 | D:4      | Mangled by Duvessa

Illustrated notes

Levels and vault maps discovered:
D:1:      minmay_arrival_three_doors, layout_loops_ring,
          hellmonk_ecumenical_altar_crossroads
D:2:      layout_loops_ring, serial_shops, shop, nicolae_shop_statue_plus,
          nicolae_shop_behind_doors, shop, nicolae_lakefront_shop,
          minmay_quantized
D:3:      layout_basic, mainiacjoe_overflow_brackets, kiku_gazebo_garden_becter,
          serial_shops, shop, shop, shop_fountains, minmay_pentangle
D:4:      layout_basic, lemuel_doored_altar, serial_glass, glass_columns_a,
          glass_columns_a, glass_columns_b, glass_columns_a,
          gammafunk_ghost_icy, minmay_diced_spiral, uniq_duvessa

Skill      XL: |  1  2  3  4  5  6 |
---------------+-------------------+-----
Earth Magic    | 4 5 |  5.9
Spellcasting   | 3 4 |  4.0
Conjurations   | 1 2 3 |  3.0
Shields        | 1 2 |  2.7
Dodging        | |  1.5
Stealth        | |  2.1
Transmutations | |  0.7

Action                   |  1- 3 |  4- 6 || total
-------------------------+-------+-------++-------
Melee: Dagger            |     3 |       ||     3
       Staff             |       |    28 ||    28
 Fire: Sling             |     7 |       ||     7
 Cast: Sandblast         |    46 |    78 ||   124
       Passwall          |     1 |       ||     1
       Stone Arrow       |       |     5 ||     5
  Use: Scroll            |     3 |     2 ||     5
       Potion            |       |     6 ||     6
Armor: Robe              |     2 |    16 ||    18
       Skin              |       |    25 ||    25
Dodge: Dodged            |     4 |    29 ||    33
Block: Buckler           |     1 |    49 ||    50
       Reflection        |       |     1 ||     1
